AoeStats
← toomuchdog

Four Lakes

509806810Analyzed
1v1 RM · 5d ago on Sep 28, 2026· 43m 28s· 2 players
Game mode
Random Map
Map size
Tiny (2 player)
Population
200
Speed
Normal
Resources
Standard
Victory
Conquest
Starting age
Dark Age
Ending age
Imperial Age
RankedLock teamsTeams togetherTeam positionsShared explorationLock speedFull tech treeHidden civsTurbo modeCheats
Victory
Defeat
🇨🇦 Danes · Canada
1300
+14
🇦🇷 Varangians · Argentina
1254
-14
SvS Sabach
8:22 Loom
10:38 Feudal Age
12:53 Wheelbarrow
12:35 Double-Bit Axe
15:54 Bloodlines
15:50 Horse Collar
19:57 Castle Age
18:19 Gold Mining
19:54 Fletching
20:23 Crossbowman
21:15 Padded Archer Armor
22:01 Bodkin Arrow
22:28 Padded Archer Armor
23:26 Hand Cart
27:47 Bow Saw
28:33 Husbandry
33:11 Imperial Age
32:13 Scale Barding Armor
32:58 Forging
34:10 Leather Archer Armor
34:18 Chain Barding Armor
33:49 Cavalier
34:18 Man-at-Arms
36:43 Conscription
37:21 Plate Barding Armor
37:32 Vendel Legacy
39:21 Long Swordsman
40:49 Iron Casting
42:37 Two-Handed Swordsman
toomuchdog
10:24 Feudal Age
10:39 Loom
11:15 Double-Bit Axe
10:58 Man-at-Arms
18:11 Castle Age
17:51 Gold Mining
18:00 Fletching
21:22 Bodkin Arrow
22:51 Town Watch
24:09 Fishing Lines
24:45 Bow Saw
25:13 Gold Shaft Mining
24:10 Elite Skirmisher
25:39 Wheelbarrow
25:33 Padded Archer Armor
28:02 Leather Archer Armor
29:09 Ballistics
29:42 Hand Cart
29:31 Horse Collar
34:41 Imperial Age
32:24 Squires
32:25 Scale Mail Armor
32:29 Stone Mining
33:24 Chain Mail Armor
33:38 Chain Mail Armor
34:11 Gambesons
33:52 Hamask
34:44 Forging
34:43 Heavy Plow
34:44 Arson
35:12 Thumb Ring
36:07 Plate Mail Armor
36:13 Conscription
36:01 Bracer
35:43 Elite Varangian Guard
38:05 Ring Archer Armor
38:26 Iron Casting
39:56 Chemistry
40:47 Siege Engineers
45:00 Blast Furnace
Connection lost

Rejoining the realm…

Still unreachable

The connection could not be restored.

Session expired

The server has moved on; the page needs a fresh start.